 Dungeon Crawl Stone Soup version 0.28.0-53-g5a82cb258f (webtiles) character file.

Game seed: 17326518220610045184

105 Gabide the Bolt Thrower (level 4, -3/38 HPs)
             Began as a Barachi Hunter on June 18, 2022.
             Was an Initiate of Dithmenos.
             Killed by divine providence
             ... invoked by an orc priest
              (11 damage)
             ... on level 4 of the Dungeon.
             The game lasted 00:07:55 (3660 turns).

Gabide the Bolt Thrower (Barachi Hunter)            Turns: 3660, Time: 00:07:57

Health: -3/38      AC:  3    Str: 13    XL:     4   Next: 81%
Magic:  13/13      EV: 12    Int: 11    God:    Dithmenos [......]
Gold:   99         SH:  0    Dex: 15    Spells: 3/3 levels left

rFire   . . .      SeeInvis .   a - +1 hand crossbow
rCold   . . .      Faith    .   (no shield)
rNeg    . . .      Spirit   .   c - +0 leather armour
rPois   .          Reflect  .   s - +0 hat
rElec   .          Harm     .   (no cloak)
rCorr   .          Rampage  .   (no gloves)
Will    .....                   (no boots)
Stlth   +.........              (no amulet)
HPRegen 0.12/turn               v - ring of magical power
MPRegen 0.13/turn               (no ring)

@: lethally poisoned (-3 -> -8), slow
A: amphibious, slowness 1, strong legs 1, +LOS
a: Hop, Renounce Religion


You were on level 4 of the Dungeon.
You worshipped Dithmenos.
Dithmenos was noncommittal.
You visited 2 branches of the dungeon, and saw 5 of its levels.

You collected 99 gold pieces.

Inventory:

Hand Weapons
 a - a +1 hand crossbow (weapon)
 b - a +2 vorpal falchion
Missiles
 d - 29 bolts (quivered ammo)
Armour
 c - a +0 leather armour (worn)
 s - a +0 hat (worn)
Jewellery
 v - a ring of magical power (left hand)
Wands
 u - a wand of acid (8)
Scrolls
 f - a scroll of immolation
 g - 2 scrolls of teleportation
 j - a scroll of holy word
 o - a scroll of enchant armour {unknown}
 p - a scroll of brand weapon {unknown}
 q - a scroll of magic mapping {unknown}
 w - a scroll of noise {unknown}
Potions
 e - 3 potions of attraction
 h - 2 potions of curing
 i - a potion of degeneration {unknown}
 k - a potion of mutation {unknown}
 l - a potion of lignification {unknown}
 m - a potion of haste {unknown}
 n - a potion of ambrosia {unknown}
 r - 2 potions of magic {unknown}
 t - a potion of resistance {unknown}


   Skills:
 + Level 4.4 Fighting
 + Level 5.1 Crossbows
 - Level 2.1 Dodging
 - Level 0.8 Stealth


You had 3 spell levels left.
You didn't know any spells.
Your spell library contained the following spells:

 Spells                   Type           Power      Damage    Failure   Level
 Corpse Rot               Necr/Air       0%         N/A       56%         2
 Poisonous Vapours        Pois/Air       0%         N/A       56%         2


Dungeon Overview and Level Annotations

Branches:
Dungeon (4/15)             Temple (1/1) D:4

Altars:
Ashenzari
Dithmenos
Elyvilon
Fedhas
Gozag
Hepliaklqana
Makhleb
Okawaru
Ru
Trog
Uskayaw
Vehumet
Xom
Yredelemnul

Annotations:
D:3 1 runed translucent door, Morge's ghost, amateur DsFi


Innate Abilities, Weirdness & Mutations

You are amphibious.
You cover ground slowly.
You can hop short distances.
You have an extended range of vision and can be seen from far away.


Message History

a - a +1 hand crossbow (weapon)
Fire: 34 bolts
Press: ? - help, Q - select action, (/) - cycle Shift-Dir - straight line, f - adder
Aim: an adder (wandering, hasn't noticed you, 52% to hit)
You shoot a bolt. The bolt barely misses the adder.
Fire: 33 bolts
Press: ? - help, Q - select action, (/) - cycle Shift-Dir - straight line, f/p - adder
Aim: an adder (52% to hit)
You shoot a bolt. The bolt hits the adder.
The adder is lightly wounded.
The orc priest hits you with a +0 flail.
Fire: 32 bolts
Press: ? - help, Q - select action, (/) - cycle Shift-Dir - straight line, f - orc priest, p - adder
Aim: an orc priest, wielding a +0 flail (67% to hit)
You shoot a bolt. The bolt hits the orc priest!
The orc priest is heavily wounded.
The orc priest hits you with a +0 flail.
Fire: 31 bolts
Press: ? - help, Q - select action, (/) - cycle Shift-Dir - straight line, f/p - orc priest
Aim: an orc priest, wielding a +0 flail (heavily wounded, 67% to hit)
You shoot a bolt. The bolt hits the orc priest.
The orc priest is severely wounded.
The adder barely misses you.
The orc priest hits you with a +0 flail!
* * * LOW HITPOINT WARNING * * *
The adder misses you.
An orc comes into view. It is wielding a +0 mace.
The orc shouts!
Fire: 30 bolts
Press: ? - help, Q - select action, (/) - cycle Shift-Dir - straight line, f/p - orc priest
Aim: an orc priest, wielding a +0 flail (severely wounded, 67% to hit)
You shoot a bolt. The bolt hits the orc priest.
The orc priest is severely wounded.
The adder bites you.
* * * LOW HITPOINT WARNING * * *
You are poisoned.
The adder poisons you!
The orc priest invokes the aid of Beogh against you.
Beogh smites you!
You die...

o# #. ##..# #. .. ..
#...# # #.## #. .#
#...###. .... #. .#
#..(##..##... #. .#
#...##.#..#.#
#$#$#####(..##.#....#
#... #......##..#....
#o###.##..###.....>.
#.o@S.##..##...##...
########......#..#..
#.........#.#
######...#...
#....... #.##..##
#.##.##. #.##.##.
#...#(..


You could see an orc priest, an adder and an orc.

Vanquished Creatures
  An adder (D:3)
  3 gnolls (D:2)
  A dart slug (D:1)
  4 endoplasms
  2 giant cockroaches (D:1)
  6 goblins
  12 hobgoblins
  7 jackals (D:2)
  3 quokkas
  4 ball pythons
  4 bats
  2 frilled lizards
  4 kobolds
  3 rats
56 creatures vanquished.

Vanquished Creatures (others)
  2 withered plants (D:3)
2 creatures vanquished.

Grand Total: 58 creatures vanquished

Notes
Turn   | Place    | Note
-------+----------+-------------------------------------------
     0 | D:1      | Gabide the Barachi Hunter began the quest for the Orb.
     0 | D:1      | Reached XP level 1. HP: 17/17 MP: 1/1
    16 | D:1      | Found a faded altar of an unknown god.
   270 | D:1      | Reached XP level 2. HP: 8/23 MP: 2/2
   931 | D:1      | Reached XP level 3. HP: 29/29 MP: 3/3
  1747 | D:2      | Reached XP level 4. HP: 26/37 MP: 4/4
  2340 | D:2      | You fall into a shaft and drop 1 floor!
  2340 | D:3      | Found a blossoming altar of Fedhas.
  2345 | D:3      | Reached skill level 5 in Crossbows
  2496 | D:3      | Found a runed translucent door.
  2496 | D:3      | Noticed Morge's ghost (amateur DsFi)
  3280 | D:4      | Found a staircase to the Ecumenical Temple.
  3291 | Temple   | Entered the Ecumenical Temple
  3588 | Temple   | Became a worshipper of Dithmenos the Shadowed
  3660 | D:4      | Killed from afar by an orc priest

Illustrated notes

Levels and vault maps discovered:
D:1:      lightli_arrival_noodles, layout_loops_ring,
          hellmonk_ecumenical_altar_run_dry, chequers_mini_garden,
          hangedman_decor_clover_reticule
D:2:      layout_loops_cross, hangedman_abyss_or_decor_lesser_grid
D:3:      layout_rooms, fedhas_altar_3, serial_glass, glass_columns_a,
          glass_columns_b, item_on_display_a, due_unseen_surprise,
          minmay_strange_pillars, minmay_strange_pillars, gammafunk_ghost_grave,
          chequers_serial_rivers_micro_e, roderic_roman_lattice,
          guppyfry_early_lair_pool
D:4:      layout_loops_ring, nicolae_tso_swordbearing_angel, old_standard_altar,
          minmay_temple_entry_mini_moons, kennysheep_generic_room_12,
          uniq_edmund
Temple:   oiseaux_autumnal_temple

Skill      XL: |  1  2  3  4 |
---------------+-------------+-----
Fighting       | 3 4 |  4.4
Crossbows      | 5 |  5.1
Dodging        | |  2.1
Stealth        | |  0.8

Action                   |  1- 3 |  4- 6 || total
-------------------------+-------+-------++-------
Melee: Short sword       |   116 |     3 ||   119
       Punch             |     3 |     1 ||     4
       Falchion          |       |    38 ||    38
 Fire: Hand crossbow     |    15 |    11 ||    26
 Abil: Hop               |     1 |     1 ||     2
  Use: Scroll            |       |     5 ||     5
 Stab: Sleeping          |     1 |       ||     1
Armor: Leather armour    |    34 |     6 ||    40
Dodge: Dodged            |    79 |    36 ||   115
